 Seeded DCSS version 0.29.1-15-g9cfb28693d (webtiles) character file.

Game seed: 2750931936753993874 (custom seed)

2037 kingsuperguy the Basher (level 9, 0/81 HPs)
             Began as a Minotaur Berserker on Sept 3, 2023.
             Was a Priest of Trog.
             Slain by a vampire (4 damage)
             ... on level 6 of the Dungeon.
             The game lasted 00:05:33 (5750 turns).

kingsuperguy the Basher (Minotaur Berserker)        Turns: 5750, Time: 00:05:34

Health: 0/81       AC:  6    Str: 31 (33) XL:     9   Next: 4%
Magic:  8/8        EV: 12    Int:  3 (4)  God:    Trog [***...]
Gold:   300        SH:  0    Dex:  7 (9)  Spells: 8/8 levels left

rFire   . . .      SeeInvis .   n - +0 morningstar
rCold   . . .      Faith    .   (no shield)
rNeg    . . .      Spirit   .   q - +0 ring mail
rPois   .          Reflect  .   (helmet restricted)
rElec   .          Harm     .   (no cloak)
rCorr   .          Rampage  .   (no gloves)
Will    .....                   (no boots)
Stlth   ..........              (no amulet)
HPRegen 0.23/turn               f - +6 ring of strength
MPRegen 0.11/turn               (no ring)

@: confused, mighty, on berserk cooldown, flying, hasted and slowed
A: horns 2, retaliatory headbutt
a: Renounce Religion, Berserk, Trog's Hand


You were on level 6 of the Dungeon.
You worshipped Trog.
Trog was most pleased with you.
You visited 1 branch of the dungeon, and saw 6 of its levels.

You collected 300 gold pieces.

Inventory:

Hand Weapons
 a - a +0 mace
 n - a +0 morningstar (weapon)
Armour
 b - a +0 animal skin
 q - a +0 ring mail (worn)
Jewellery
 f - a +6 ring of strength (left hand)
 t - a ring of fire
 w - a ring of see invisible
 y - a +6 ring of dexterity
 D - a +6 ring of dexterity
Wands
 A - a wand of roots (11)
 F - a wand of polymorph (10)
Scrolls
 c - 2 scrolls of fog {unknown}
 e - 2 scrolls of immolation {unknown}
 g - 4 scrolls of identify {unknown}
 i - 2 scrolls of poison {unknown}
 l - 2 scrolls of noise {unknown}
 s - a scroll of fear {unknown}
 u - 2 scrolls of magic mapping {unknown}
 x - a scroll of summoning {unknown}
 C - a scroll of enchant weapon {unknown}
 E - a scroll of teleportation {unknown}
 G - a scroll of enchant armour {unknown}
Potions
 d - 4 potions of flight
 h - 2 potions of haste
 j - 2 potions of curing {unknown}
 k - a potion of might
 m - 2 potions of mutation {unknown}
 o - 3 potions of degeneration
 p - 2 potions of lignification {unknown}
 r - 2 potions of invisibility {unknown}
 v - a potion of attraction {unknown}
 z - 3 potions of heal wounds {unknown}
 B - a potion of brilliance {unknown}


   Skills:
 + Level 8.2 Fighting
 + Level 10.2 Maces & Flails
 + Level 6.1 Armour
 + Level 4.4 Dodging
 + Level 1.3 Stealth


You had 8 spell levels left.
You didn't know any spells.
Your spell library was empty.

Dungeon Overview and Level Annotations

Branches:
Dungeon (6/15)
 Temple: D:4-7

Altars:
Cheibriados


Innate Abilities, Weirdness & Mutations

You have a pair of horns on your head.
You reflexively headbutt those who attack you in melee.


Message History

The wight is severely damaged.
The wight closely misses you. You furiously retaliate!
You headbutt the wight!
You destroy the wight!
Trog accepts your kill.
Your life force feels restored.
Something hits you. Something bites you.
Something draws strength from your injuries!
Something hits you. Something bites you but does no damage. Something hits you!
Something bites you!
* * * LOW HITPOINT WARNING * * *
Something draws strength from your injuries!
You hear some strange, mumbled words.
You are confused.
Okay, then.
It was a potion of flight.
You feel very buoyant.
You fly up into the air.
The iguana barely misses you. Something hits you.
* * * LOW HITPOINT WARNING * * *
Something bites you!
* * * LOW HITPOINT WARNING * * *
Something draws strength from your injuries!
Okay, then.
Okay, then.
You are too confused!
Unknown command.
It was a potion of haste.
You feel yourself speed up. The iguana closely misses you.
You hear some strange, mumbled words.
You are more confused.
Okay, then.
It was a potion of degeneration.
There was something very wrong with that liquid.
You feel weakened.
You feel dopey.
You feel clumsy. The iguana bites you.
* * * LOW HITPOINT WARNING * * *
Something hits you but does no damage. Something bites you but does no damage.
It was a potion of might.
You feel very mighty all of a sudden. The iguana closely misses you.
Something hits you.
You die...

########## ##........##
##..........##
#......{.....#
##.....@l.....##
#.).########...##
##..#..8..8.##...#
#..##..).....##..########
##.##
.######..#).##...##. #..#
## #).#..#...##. #.##
##)##.#...##. #.#
#..#.#...... #.#
#..#z....#.#.....#


You could see an iguana.

Vanquished Creatures
  Grinder (D:3)
  A water moccasin (D:6)
  An ice beast (D:3)
  A black bear (D:5)
  3 ogres
  4 phantoms
  A gnoll sergeant (D:6)
  A bullfrog (D:6)
  A wight (D:6)
  3 scorpions (D:4)
  2 jellies (D:5)
  2 gnoll boudas (D:6)
  5 hounds
  4 iguanas
  2 orc wizards
  6 gnolls
  8 adders
  A shadow imp (D:5)
  2 white imps (D:6)
  An ufetubus (D:6)
  3 worms (D:2)
  A dart slug (D:3)
  16 orcs
  7 ball pythons
  3 endoplasms
  4 giant cockroaches
  4 goblins
  4 hobgoblins
  6 jackals
  3 quokkas
  6 bats
  3 frilled lizards
  4 kobolds
  6 rats
120 creatures vanquished.

Vanquished Creatures (others)
  A plant (D:1)
1 creature vanquished.

Grand Total: 121 creatures vanquished

Notes
Turn   | Place    | Note
-------+----------+-------------------------------------------
     0 | D:1      | kingsuperguy the Minotaur Berserker began the quest for the
                  | Orb.
     0 | D:1      | Reached XP level 1. HP: 19/19 MP: 0/0
   621 | D:1      | Reached XP level 2. HP: 20/27 MP: 1/1
   690 | D:1      | Found a faded altar of an unknown god.
   798 | D:2      | Reached skill level 4 in Maces & Flails
   800 | D:2      | Reached XP level 3. HP: 25/34 MP: 2/2
  1388 | D:2      | Reached XP level 4. HP: 41/41 MP: 3/3
  1468 | D:3      | Noticed Grinder
  1474 | D:3      | HP: 3/61 [Grinder (4)]
  1475 | D:3      | Killed Grinder
  1476 | D:3      | Reached skill level 5 in Fighting
  1476 | D:3      | Reached skill level 6 in Maces & Flails
  1476 | D:3      | Reached XP level 5. HP: 4/48 MP: 4/4
  1777 | D:3      | Reached ** piety under Trog
  1881 | D:3      | Reached XP level 6. HP: 41/56 MP: 5/5
  2064 | D:3      | Noticed an ice beast
  2070 | D:3      | Killed an ice beast
  2221 | D:3      | Reached skill level 7 in Maces & Flails
  3122 | D:4      | Reached XP level 7. HP: 58/61 MP: 6/6
  3555 | D:4      | Reached skill level 8 in Maces & Flails
  3617 | D:4      | Found a snail-covered altar of Cheibriados.
  3669 | D:4      | Reached skill level 1 in Stealth
  4029 | D:4      | Reached *** piety under Trog
  4244 | D:5      | Entered Level 5 of the Dungeon
  4361 | D:5      | Reached XP level 8. HP: 70/70 MP: 7/7
  4378 | D:5      | Reached skill level 5 in Armour
  4483 | D:5      | Reached skill level 9 in Maces & Flails
  5708 | D:6      | Reached skill level 10 in Maces & Flails
  5733 | D:6      | Reached XP level 9. HP: 45/81 MP: 8/8
  5749 | D:6      | HP: 4/81 [iguana (4)]
  5750 | D:6      | Slain by a vampire

Illustrated notes

Levels and vault maps discovered:
D:1:      lightli_molten_gateway, layout_rooms, shapermc_ecumenical_altar_petra,
          nrook_mini_backslash, minmay_misc_feat_hallway, minivault_24,
          minmay_splitting_lines, chequers_mini_garden
D:2:      minmay_general_purpose_star, layout_rooms
D:3:      minmay_evil_eye, layout_basic, uniq_grinder
D:4:      layout_loops_ring, general_overflow_altar
D:5:      layout_basic
D:6:      layout_basic, grunt_temple_overflow_open,
          minmay_temple_entry_stoned_glass, nzn_random_ring

Skill      XL: |  1  2  3  4  5  6  7  8 |
---------------+-------------------------+-----
Fighting       | 4 5 6 8 |  8.2
Maces & Flails | 4 6 7 8 10 | 10.2
Dodging        | 3 4 |  4.4
Armour         | 3 4 6 |  6.1
Stealth        | 1 |  1.3

Action                   |  1- 3 |  4- 6 |  7- 9 || total
-------------------------+-------+-------+-------++-------
Melee: Mace              |    27 |       |       ||    27
       Headbutt          |     6 |     7 |    19 ||    32
       Morningstar       |    21 |    89 |   147 ||   257
       Punch             |       |     1 |     1 ||     2
Invok: Berserk           |       |     1 |     3 ||     4
  Use: Potion            |       |       |     4 ||     4
Armor: Animal skin       |    15 |     1 |       ||    16
       Ring mail         |       |    34 |    49 ||    83
Dodge: Dodged            |    30 |    67 |    85 ||   182
